 Dungeon Crawl Stone Soup version 0.28-a0-1429-gf3d713df7a (webtiles) character file.

Game seed: 12516824004166812178

9 HallandMoats the Skirmisher (level 2, -6/26 HPs)
             Began as a Ghoul Fighter on Jan 9, 2022.
             Mangled by a hobgoblin (7 damage)
             ... on level 1 of the Dungeon.
             The game lasted 00:00:17 (53 turns).

HallandMoats the Skirmisher (Ghoul Fighter)           Turns: 53, Time: 00:00:18

Health: -6/26      AC:  6    Str: 19    XL:     2   Next: 16%
Magic:  1/1        EV:  9    Int:  3    God:
Gold:   0          SH:  4    Dex:  8    Spells: 1/1 levels left

rFire   . . .      SeeInvis .     - Unarmed
rCold   + . .      Faith    .   b - +0 buckler
rNeg    + + +      Spirit   .   a - +0 scale mail
rPois   ∞          Reflect  .   (no helmet)
rElec   .          Harm     .   (no cloak)
rCorr   .          Rampage  .   (no gloves)
Will    .....                   (no boots)
Stlth   ..........              (no amulet)
HPRegen 0.00/turn               (no ring)
MPRegen 0.07/turn               (no ring)

@: inhibited regen
A: claws 1, cold resistance 1, negative energy resistance 3, inhibited
regeneration, torment resistance 2
a: no special abilities


You were on level 1 of the Dungeon.
You visited 1 branch of the dungeon, and saw 1 of its levels.

Inventory:

Armour
 a - a +0 scale mail (worn)
 b - a +0 buckler (worn)
Potions
 c - a potion of might


   Skills:
 + Level 3.4 Fighting
 + Level 2.8 Armour
 + Level 0.3 Dodging
 * Level 2.9 Shields
 + Level 2.3 Unarmed Combat


You had one spell level left.
You didn't know any spells.
Your spell library was empty.

Dungeon Overview and Level Annotations

Branches:
Dungeon (1/15)

Altars:


Innate Abilities, Weirdness & Mutations

You thrive by killing the living.
You are immune to poison.
You have sharp fingernails.
Your flesh is cold resistant. (rC+)
You are immune to negative energy. (rN+++)
You do not regenerate when monsters are visible.
You are immune to unholy pain and torment.


Message History

You are too injured to fight recklessly!
Unknown command.
The hobgoblin closely misses you.
Found a bubbling cyan potion.
The hobgoblin hits you but does no damage.
The hobgoblin hits you from afar with a +0 spear.
A dart slug comes into view.
You scratch the dart slug.
The dart slug is heavily wounded.
The ball python barely misses you. The ball python closely misses you.
The hobgoblin barely misses you. The ball python barely misses you.
The ball python grabs you. The ball python constricts you.
The dart slug barely misses you.
You scratch the dart slug.
You kill the dart slug!
You block the hobgoblin's attack.
The ball python bites you but does no damage.
The ball python constricts you.
You have reached level 2!
You escape the ball python's grasp.
You scratch the ball python.
You kill the ball python!
The hobgoblin closely misses you.
You closely miss the hobgoblin. The hobgoblin closely misses you.
You barely miss the hobgoblin. The hobgoblin hits you with a +0 spear.
* * * LOW HITPOINT WARNING * * *
You scratch the hobgoblin but do no damage.
The hobgoblin hits you with a +0 spear.
* * * LOW HITPOINT WARNING * * *
You scratch the hobgoblin but do no damage.
The hobgoblin barely misses you.
You scratch the hobgoblin but do no damage.
The hobgoblin hits you with a +0 spear.
* * * LOW HITPOINT WARNING * * *
You barely miss the hobgoblin.
The hobgoblin hits you but does no damage.
You scratch the hobgoblin.
The hobgoblin is heavily wounded.
The hobgoblin hits you with a +0 spear!
You die...

##≈§≈..#
#.....# .....
.'≈≈§..#
#....!#!.....
.'≈≈≈.§#
#.....#......
##≈≈§§§#
####.).....#
≈≈8≈≈§§#
#.......#
≈≈≈8≈###
##.g.....#
≈≈≈≈≈#
#....>...#
######
#.########
#...g@..#
#######.# .#
##


You could see a hobgoblin.

Vanquished Creatures
  2 dart slugs (D:1)
  A kobold (D:1)
  3 ball pythons (D:1)
6 creatures vanquished.

Notes
Turn   | Place    | Note
-------+----------+-------------------------------------------
     0 | D:1      | HallandMoats the Ghoul Fighter began the quest for the Orb.
     0 | D:1      | Reached XP level 1. HP: 19/19 MP: 0/0
    40 | D:1      | Reached XP level 2. HP: 8/26 MP: 1/1
    51 | D:1      | HP: 1/26 [hobgoblin (1)]
    53 | D:1      | Mangled by a hobgoblin

Illustrated notes

Levels and vault maps discovered:
D:1:      lightli_arrival_boilingwater, layout_basic,
          chequers_ecumenical_altar_simple

Action                   || total
-------------------------++-------
Melee: Unarmed           ||    20
Armor: Scale mail        ||     7
Dodge: Dodged            ||    15
Block: Buckler           ||     3

Table legend: (Time is in decaauts)
 A = Elapsed time spent in this place.
 B = Non-inter-level travel time spent in this place.
 C = Inter-level travel time spent in this place.
 D = Time resting spent in this place.
 E = Time spent auto-exploring this place.
 F = Levels seen in this place.
 G = Mean time per level.
                   A        B        C        D        E       F      G
               +--------+--------+--------+--------+--------+-----+--------+
         Total |     54 |     54 |      0 |      0 |     18 |   1 |   54.0 |
       Dungeon |     54 |     54 |      0 |      0 |     18 |   1 |   54.0 |
               +--------+--------+--------+--------+--------+-----+--------+

Top non-repeatable levels by time:
     D:1: 54 daAuts
